 Dungeon Crawl Stone Soup version 0.20.1-1-g8b1a95d (webtiles) character file.

914 KoningWillie the Slasher (level 7, -15/61 HPs)
             Began as a Minotaur Fighter on Sept 22, 2017.
             Was an Initiate of Trog.
             Demolished by a two-headed ogre
             ... wielding a +0 giant spiked club
              (27 damage)
             ... on level 6 of the Dungeon.
             The game lasted 00:10:39 (6929 turns).

KoningWillie the Slasher (Minotaur Fighter)         Turns: 6929, Time: 00:10:40

Health: -15/61     AC:  8    Str: 22    XL:     7   Next: 82%
Magic:  6/6        EV: 11    Int:  5    God:    Trog [......]
Gold:   326        SH:  0    Dex: 10    Spells: 6/6 levels left

rFire    . . .     SeeInvis .   a - +0 long sword
rCold    . . .     Gourm    .   (no shield)
rNeg     . . .     Faith    .   b - +1 scale mail
rPois    .         Spirit   .   (helmet restricted)
rElec    .         Reflect  .   (no cloak)
rCorr    .         Harm     .   (no gloves)
MR       .....                  (no boots)
Stlth    ..........             (no amulet)
Regen    0.2/turn               (no ring)
MPRegen  0.1/turn               (no ring)

@: no status effects
A: retaliatory headbutt, horns 2
a: Burn Spellbooks, Renounce Religion


You were on level 6 of the Dungeon.
You worshipped Trog.
Trog was noncommittal.
You were not hungry.

You visited 2 branches of the dungeon, and saw 7 of its levels.

You collected 326 gold pieces.

Inventory:

Hand Weapons
 a - a +0 long sword (weapon)
Armour
 b - a +1 scale mail (worn)
Jewellery
 s - an uncursed amulet of the gourmand {unknown}
 t - an uncursed ring of positive energy {unknown}
Wands
 l - a wand of iceblast (10/15)
 p - a wand of iceblast (8/15)
Scrolls
 e - 2 scrolls of remove curse
 g - a scroll of blinking
 k - a scroll of enchant armour
 o - a scroll of fog {unknown}
 r - a scroll of immolation {unknown}
Potions
 c - a potion of invisibility
 d - 3 potions of might
 h - 3 potions of haste
 j - a potion of lignification
 m - 3 potions of mutation
 n - a potion of brilliance
 q - a potion of agility {unknown}
Comestibles
 f - a bread ration
 i - 2 meat rations
 u - 2 fruits


   Skills:
 + Level 5.2 Fighting
 * Level 7.8 Long Blades
 + Level 6.8 Armour
 + Level 2.3 Dodging
 + Level 1.0 Stealth
   Level 3.6 Shields


You had 6 spell levels left.
You didn't know any spells.

Dungeon Overview and Level Annotations

Branches:
Dungeon (6/15)             Temple (1/1) D:5

Altars:
Ashenzari
Cheibriados
Dithmenos
Elyvilon
Fedhas
Gozag
Kikubaaqudgha
Okawaru
Qazlal
Ru
Sif Muna
Trog
Uskayaw
Vehumet
Xom
Yredelemnul
Zin
The Shining One

Shops:
D:5 (


Innate Abilities, Weirdness & Mutations

You reflexively headbutt those who attack you in melee.
You have a pair of horns on your head.


Message History

The gnoll is almost dead.
The gnoll hits you from afar with a halberd.
The gnoll hits you but does no damage.
You hit the gnoll but do no damage. You headbutt the gnoll.
You kill the gnoll!
Trog accepts your kill.
The two-headed ogre hits you with a giant spiked club!!
The two-headed ogre hits you with a giant club!!
* * * LOW HITPOINT WARNING * * *
The gnoll sergeant closely misses you. The gnoll barely misses you.
You furiously retaliate!
You headbutt the gnoll!
You riposte.
You hit the gnoll. You headbutt the gnoll.
You kill the gnoll!
Trog accepts your kill. The gnoll barely misses you.
Things that are here:
a spear; a gnoll corpse The gnoll sergeant hits you but does no damage.
The two-headed ogre hits you with a giant spiked club!!
You die...

#####
#...###
#.....
####g..##
#...g)..#
#..@)...#
#..O....#
#.......#
#..........
#.......###
...#...<..
#...#.####..
#...#.# ##


You could see a two-headed ogre, a gnoll sergeant and a gnoll.

Vanquished Creatures
  A phantom (D:5)
  2 ogres
  Blork the orc (D:5)
  A howler monkey (D:4)
  The ghost of zkobry the Sneak, a weakling VSAs (D:4)
  A bullfrog skeleton (D:4)
  A hound (D:4)
  Crazy Yiuf (D:4)
  An iguana (D:4)
  3 orc wizards
  3 worker ants
  5 gnolls
  10 adders
  A shadow imp (D:5)
  An adder skeleton (D:5)
  A worm (D:4)
  A dart slug (D:2)
  4 leopard geckos
  11 orcs
  7 bats
  2 giant cockroaches
  5 goblins (D:1)
  9 hobgoblins
  9 jackals
  3 quokkas
  2 ball pythons
  3 frilled lizards
  10 kobolds
  A quokka skeleton (D:4)
  4 rats
105 creatures vanquished.

Notes
Turn   | Place    | Note
-------+----------+-------------------------------------------
     0 | D:1      | KoningWillie the Minotaur Fighter began the quest for the Orb.
     0 | D:1      | Reached XP level 1. HP: 19/19 MP: 0/0
   248 | D:1      | Reached XP level 2. HP: 24/27 MP: 1/1
   941 | D:2      | Reached XP level 3. HP: 33/34 MP: 2/2
   943 | D:2      | Reached skill level 3 in Long Blades
  1168 | D:2      | Reached XP level 4. HP: 41/41 MP: 3/3
  2368 | D:3      | Found a snail-covered altar of Cheibriados.
  2434 | D:3      | Reached skill level 4 in Long Blades
  2558 | D:3      | Found a deep blue altar of Sif Muna.
  2886 | D:3      | Reached XP level 5. HP: 47/47 MP: 4/4
  3092 | D:4      | Noticed zkobry's ghost (weakling VSAs)
  3097 | D:4      | Killed zkobry's ghost
  3115 | D:4      | Reached skill level 5 in Long Blades
  3190 | D:5      | Entered Level 5 of the Dungeon
  3190 | D:5      | Found Seigi's Antique Weapon Emporium.
  3348 | D:4      | Reached skill level 5 in Armour
  3348 | D:4      | Reached XP level 6. HP: 32/55 MP: 5/5
  3348 | D:4      | Reached skill level 1 in Dodging
  3643 | D:4      | Reached skill level 6 in Long Blades
  3822 | D:4      | Reached skill level 5 in Fighting
  4373 | D:4      | Found a runed door.
  4505 | D:4      | Noticed Crazy Yiuf
  4516 | D:4      | Killed Crazy Yiuf
  4516 | D:4      | Reached XP level 7. HP: 32/61 MP: 6/6
  4957 | D:5      | Found a shattered altar of Ashenzari.
  4957 | D:5      | Noticed Blork the orc
  4972 | D:5      | Killed Blork the orc
  5264 | D:5      | Found a staircase to the Ecumenical Temple.
  5270 | D:5      | Reached skill level 7 in Long Blades
  6003 | D:5      | Reached skill level 1 in Stealth
  6454 | D:5      | Found a blossoming altar of Fedhas.
  6603 | Temple   | Entered the Ecumenical Temple
  6857 | Temple   | Became a worshipper of Trog the Wrathful
  6925 | D:6      | Noticed a two-headed ogre
  6929 | D:6      | Demolished by a two-headed ogre

Skill      XL: |  1  2  3  4  5  6  7 |
---------------+----------------------+-----
Fighting       | 4 5 |  5.2
Armour         | 4 5 6 |  6.8
Long Blades    | 3 4 5 6 7 |  7.8
Dodging        | 1 2 |  2.3
Stealth        | 1 |  1.0
Shields        | |  3.6

Action                   |  1- 3 |  4- 6 |  7- 9 || total
-------------------------+-------+-------+-------++-------
Melee: Long sword        |    60 |   113 |    75 ||   248
       Headbutt          |    11 |    19 |    13 ||    43
  Use: Scroll            |       |     4 |     7 ||    11
  Eat: Fruit             |     3 |       |       ||     3
       Meat ration       |       |     1 |       ||     1
       Bread ration      |       |     1 |     2 ||     3
Armor: Scale mail        |    41 |    55 |    22 ||   118
Dodge: Dodged            |    48 |    72 |    34 ||   154
       Rpst.: Long sword |    15 |    20 |     7 ||    42
